 Dungeon Crawl Stone Soup version 0.24-a0-582-g4d4af813a0 (webtiles) character file.

Game seed: 732533938363168049

1591 GameOver the Stinger (level 8, -9/62 HPs)
             Began as a Naga Wizard on Aug 27, 2019.
             Mangled by Menkaure (20 damage)
             ... on level 6 of the Dungeon.
             The game lasted 00:32:53 (4366 turns).

GameOver the Stinger (Naga Wizard)                  Turns: 4366, Time: 00:32:53

Health: -9/62      AC: 13    Str: 14    XL:     8   Next: 93%
Magic:  3/13       EV:  8    Int: 26    God:
Gold:   292        SH:  0    Dex: 14    Spells: 5/14 levels left

rFire    . . .     SeeInvis +   w - +3 quarterstaff (chaos)
rCold    . . .     Gourm    .   (shield currently unavailable)
rNeg     . . .     Faith    .   a - +0 robe
rPois    +         Spirit   .   b - +0 hat
rElec    .         Reflect  .   C - +2 cloak
rCorr    .         Harm     .   z - +2 pair of gloves
MR       +....                  x - +0 naga barding
Stlth    +++.......             E - amulet of the acrobat
HPRegen  0.20/turn              L - +3 ring of dexterity
MPRegen  0.13/turn              n - +6 ring of intelligence

@: mighty, very slow
A: large, see invisible, deformed body, poison resistance, slowness 2, slow
metabolism 1, spit poison 1, AC +2
a: Spit Poison


You were on level 6 of the Dungeon.
You were hungry.

You visited 1 branch of the dungeon, and saw 7 of its levels.

You collected 292 gold pieces.

Inventory:

Hand Weapons
 c - a +0 club
 l - a +0 fustibalus
 o - a +0 dagger
 q - a +0 hunting sling
 s - a +0 spear
 w - a +3 quarterstaff of chaos (weapon)
 G - a +4 hand axe
Missiles
 f - 14 sling bullets
 y - 71 bolts
 I - 38 arrows
Armour
 a - a +0 robe (worn)
 b - a +0 hat (worn)
 x - a +0 naga barding (worn)
 z - a +2 pair of gloves (worn)
 C - a +2 cloak (worn)
Magical Staves
 F - an uncursed staff of power
Jewellery
 i - an uncursed ring of protection from fire
 n - a +6 ring of intelligence (right hand)
 B - an uncursed ring of flight
 E - an amulet of the acrobat (around neck)
 L - a +3 ring of dexterity (left hand)
Wands
 h - a wand of flame (29)
 m - a wand of paralysis (17)
 K - a wand of digging (2)
Scrolls
 e - 2 scrolls of immolation
 g - 4 scrolls of teleportation
 j - a scroll of enchant weapon
 k - 2 scrolls of magic mapping
 p - a scroll of identify
 t - 3 scrolls of fear
 A - 5 scrolls of remove curse
 D - a scroll of amnesia
 J - a scroll of brand weapon
 O - a scroll of enchant armour {unknown}
Potions
 r - 4 potions of might
 u - a potion of flight
 v - a potion of cancellation
 H - 2 potions of curing
 M - a potion of resistance {unknown}
 N - a potion of heal wounds {unknown}
Comestibles
 d - 9 rations
 P - a chunk of flesh


   Skills:
 - Level 6.0 Staves
 - Level 1.5 Dodging
 + Level 4.4 Stealth
 + Level 3.5 Spellcasting
 - Level 6.0 Conjurations
   Level 1.0 Summonings
 + Level 2.1 Translocations
 + Level 1.8 Fire Magic
 - Level 6.4 Poison Magic


You had 5 spell levels left.
You knew the following spells:

 Your Spells              Type           Power        Failure   Level  Hunger
a - Magic Dart            Conj           ####         1%          1    None
b - Blink                 Tloc           N/A          5%          2    #......
d - Mephitic Cloud        Conj/Pois/Air  ####....     4%          3    ##.....
f - Conjure Flame         Conj/Fire      ####....     5%          3    ##.....

Your spell library contained the following spells:

 Spells                   Type           Power        Failure   Level  Hunger
 Call Imp                 Summ           #.......     9%          2    #......
 Slow                     Hex            #.......     14%         2    #......


Dungeon Overview and Level Annotations

Branches:
Dungeon (7/15)
 Temple: D:4-7

Altars:
Cheibriados
Fedhas
Gozag
Kikubaaqudgha
Qazlal
Ru
Trog
Xom
The Shining One

Shops:
D:6 [

Annotations:
D:6 Menkaure


Innate Abilities, Weirdness & Mutations

You cannot wear boots.
Your serpentine skin is tough. (AC +2)
You have supernaturally acute eyesight. (SInv)
Armour fits poorly on your strangely shaped body.
Your system is resistant to poisons. (rPois)
You cover ground very slowly.
You have a slow metabolism.
You can spit poison.


Message History

The fire ignites!
You are feeling hungry.
You sock the jelly!
You feel better.
Your hands burn!
The jelly is severely wounded.
The jelly is engulfed in blazing flames.
You kill the jelly!
Menkaure calls on the powers of darkness!
Your body is wracked with pain!
* * * LOW HITPOINT WARNING * * *
There is a stone staircase leading up here.
Menkaure calls on the powers of darkness!
Your body is wracked with pain!
* * * LOW HITPOINT WARNING * * *
You climb upwards.
There is a stone staircase leading down here.
Unknown command.
It was a potion of might.
You feel very mighty all of a sudden. Menkaure hits you!!
You die...

.....# #####..##.#######....#
.....# ##.##.# #....# # .....#
#..#.# #....# # .....# ##.#.#
#....# # .....# #.#.# #....#####
.....# #...# #.....)).. .....#
##..# #....#####
.....##########M.# #.#...####
................@# #.#.......
########################.###.####
#...............#
#.#########.##### #.# #.# #.# #.#
#.#########.# #...........#
#############


You could see Menkaure.

Vanquished Creatures
  The ghost of Rolt the Skirmisher, a novice GrEE of Vehumet (D:5)
  An ice beast (D:7)
  2 phantoms
  A big kobold (D:4)
  A howler monkey (D:4)
  3 crimson imps
  A centaur zombie (D:5)
  A hound (D:7)
  A jelly (D:7)
  Crazy Yiuf (D:3)
  2 orc priests
  Natasha (thrice) (D:3)
  Ijyb (D:5)
  An iguana (D:7)
  3 orc wizards
  2 worker ants
  A hound skeleton (D:6)
  8 adders
  2 shadow imps (D:7)
  A white imp (D:5)
  2 oozes
  A worm (D:3)
  3 dart slugs
  A leopard gecko (D:3)
  8 orcs
  A ball python (D:2)
  4 giant cockroaches
  3 goblins
  9 hobgoblins
  16 jackals
  5 bats
  A frilled lizard (D:5)
  A jackal zombie (D:6)
  5 kobolds
  A leopard gecko skeleton (D:5)
  4 rats
102 creatures vanquished.

Notes
Turn   | Place    | Note
-------+----------+-------------------------------------------
     0 | D:1      | GameOver the Naga Wizard began the quest for the Orb.
     0 | D:1      | Reached XP level 1. HP: 15/15 MP: 4/4
   204 | D:1      | Reached XP level 2. HP: 22/22 MP: 4/6
  1051 | D:2      | Reached XP level 3. HP: 28/28 MP: 7/7
  1055 | D:2      | Learned a level 2 spell: Blink
  1059 | D:2      | Learned a level 3 spell: Mephitic Cloud
  1436 | D:2      | Reached XP level 4. HP: 29/36 MP: 2/8
  1641 | D:3      | Noticed Natasha
  1644 | D:3      | Found a stormy altar of Qazlal.
  1649 | D:3      | Killed Natasha
  1650 | D:3      | Found a blossoming altar of Fedhas.
  1933 | D:3      | Noticed Natasha
  1938 | D:3      | Killed Natasha
  1938 | D:3      | Reached XP level 5. HP: 26/42 MP: 4/9
  2268 | D:3      | Found a runed translucent door.
  2273 | D:3      | Learned a level 3 spell: Conjure Flame
  2273 | D:3      | Noticed Crazy Yiuf
  2295 | D:3      | Killed Crazy Yiuf
  2295 | D:3      | Reached skill level 5 in Conjurations
  2422 | D:3      | Noticed Natasha
  2432 | D:3      | Killed Natasha
  2509 | D:4      | Reached XP level 6. HP: 49/49 MP: 6/10
  2521 | D:4      | Reached skill level 1 in Staves
  2616 | D:4      | Reached skill level 1 in Poison Magic
  2746 | D:4      | Found a sacrificial altar of Ru.
  2746 | D:4      | Found an ancient bone altar of Kikubaaqudgha.
  2747 | D:4      | Found a bloodstained altar of Trog.
  2747 | D:4      | Found a snail-covered altar of Cheibriados.
  2762 | D:4      | Found a glowing golden altar of the Shining One.
  2901 | D:5      | Entered Level 5 of the Dungeon
  2911 | D:5      | Reached XP level 7. HP: 55/55 MP: 6/11
  2966 | D:5      | Found an opulent altar of Gozag.
  3065 | D:5      | Found a runed translucent door.
  3066 | D:5      | Noticed Ijyb
  3186 | D:5      | Killed Ijyb
  3342 | D:5      | Noticed Rolt's ghost (novice GrEE)
  3371 | D:5      | Killed Rolt's ghost
  3371 | D:5      | Reached skill level 5 in Staves
  3371 | D:5      | Reached XP level 8. HP: 58/62 MP: 7/12
  3512 | D:6      | Found a shimmering altar of Xom.
  3978 | D:6      | Reached skill level 1 in Fire Magic
  4222 | D:6      | Found Ycluxzov's Armour Shoppe.
  4351 | D:7      | Noticed Menkaure
  4366 | D:6      | Mangled by Menkaure

Levels and vault maps discovered:
D:1:      dpeg_arrival_signposts, layout_basic
D:2:      layout_loops_ring
D:3:      layout_loops_ring, grunt_temple_overflow_forces_of_nature,
          first_ration, uniq_natasha, uniq_crazy_yiuf_cottage
D:4:      layout_rooms, grunt_temple_overflow_open, saegor_snake_ambush
D:5:      layout_rooms, ebering_ghost_reflecting_pool, basic_altar, uniq_ijyb
D:6:      layout_basic, basic_altar, serial_shops, kennysheep_little_box
D:7:      layout_cave_pools, minmay_temple_entry_arrows, uniq_menkaure

Skill      XL: |  1  2  3  4  5  6  7  8 |
---------------+-------------------------+-----
Conjurations   | 2 3 4 5 6 |  6.0
Staves         | 2 5 6 |  6.0
Poison Magic   | 2 6 |  6.4
Fire Magic     | 1 |  1.8
Stealth        | 4 |  4.4
Translocations | 2 |  2.1
Dodging        | |  1.5
Spellcasting   | |  3.5
Summonings     | |  1.0

Action                   |  1- 3 |  4- 6 |  7- 9 || total
-------------------------+-------+-------+-------++-------
Melee: Dagger            |     1 |       |       ||     1
       Spear             |     3 |     2 |    38 ||    43
       Quarterstaff      |       |    36 |    77 ||   113
 Cast: Magic Dart        |    28 |    36 |    32 ||    96
       Mephitic Cloud    |       |     4 |     3 ||     7
       Conjure Flame     |       |     1 |     8 ||     9
 Abil: Spit Poison       |    26 |    38 |    18 ||    82
  Use: Scroll            |       |     4 |     9 ||    13
       Potion            |       |       |     2 ||     2
 Stab: Sleeping          |     1 |       |     1 ||     2
       Petrified         |       |       |     4 ||     4
       Confused          |       |       |     2 ||     2
  Eat: Chunk             |     2 |     7 |     6 ||    15
Armor: Robe              |     2 |    24 |    31 ||    57
Dodge: Dodged            |     6 |    28 |    19 ||    53

Table legend:
 A = Non-vault XP
 B = Vault XP
 C = Vault XP percentage of total XP
 D = Non-vault monster count
 E = Vault monster count
 F = Vault count percentage of total count
                 A         B        C        D         E       F
            +---------+---------+-------+---------+---------+-------
      Total |    1458 |     816 |  35.9 |      97 |       5 |   4.9
            +---------+---------+-------+---------+---------+-------
        D:1 |      29 |       0 |   0.0 |      11 |       0 |   0.0
        D:2 |      63 |       0 |   0.0 |      22 |       0 |   0.0
        D:3 |     132 |      78 |  37.1 |      11 |       2 |  15.4
        D:4 |     261 |      13 |   4.7 |      17 |       1 |   5.6
        D:5 |     334 |     725 |  68.5 |      14 |       2 |  12.5
        D:6 |     353 |       0 |   0.0 |      15 |       0 |   0.0
        D:7 |     286 |       0 |   0.0 |       7 |       0 |   0.0
            +---------+---------+-------+---------+---------+-------
